 Dungeon Crawl Stone Soup version 0.17.2-1-ge4368a0 (webtiles) character file.

1358 Blowhard the Destroyer (level 8, -2/41 HPs)
             Began as a Tengu Wizard on July 10, 2017.
             Slain by a black bear (3 damage)
             ... on level 5 of the Dungeon.
             The game lasted 00:09:16 (5939 turns).

Blowhard the Destroyer (Tengu Wizard)               Turns: 5939, Time: 00:09:17

Health: -2/41      AC:  4    Str:  7    XL:     8   Next: 64%
Magic:  1/18       EV: 15    Int: 20    God:
Gold:   202        SH:  0    Dex: 14    Spells: 5 memorised, 9 levels left

rFire  . . .     SeeInvis .     t - +2 dagger (vamp)
rCold  . . .     Clarity  .     j - +0 robe
rNeg   + . .     SustAt   .     (no shield)
rPois  .         Gourm    .     b - +0 hat
rElec  .         Spirit   .     B - +1 cloak {+Inv}
rCorr  .         Warding  .     (no gloves)
rMut   .         Stasis   .     (boots unavailable)
MR     +....                    q - amulet of regeneration
Stlth  ++........               r - ring of protection from magic
                                C - ring of positive energy

@: flying quickly and evasively, repel missiles, quick, somewhat resistant to
hostile enchantments, unstealthy
A: beak, talons 3, able to fly 1
a: Evoke Invisibility


You were on level 5 of the Dungeon.
You were very hungry.

You visited 1 branch of the dungeon, and saw 5 of its levels.

You collected 202 gold pieces.

Inventory:

Hand Weapons
 a - a +1 spear
 s - a +0 vampiric dagger
 t - a +2 vampiric dagger (weapon)
Armour
 b - a +0 hat (worn)
 j - a +0 robe (worn)
 B - a +1 cloak of invisibility (worn)
Jewellery
 q - an amulet of regeneration (around neck)
 r - a ring of protection from magic (right hand)
 C - a ring of positive energy (left hand)
Wands
 l - a wand of digging (13)
Scrolls
 d - 3 scrolls of blinking {unknown}
 f - 2 scrolls of remove curse
 g - 2 scrolls of identify
 h - a scroll of teleportation {unknown}
 i - 3 scrolls of fog
 k - a scroll of enchant weapon
 n - a scroll of recharging {unknown}
 v - a scroll of enchant armour {unknown}
 y - a scroll of magic mapping {unknown}
 F - a scroll of immolation {unknown}
Potions
 e - 2 potions of heal wounds
 o - 2 potions of brilliance {unknown}
 p - a potion of cancellation {unknown}
 u - a potion of degeneration {unknown}
 w - a potion of invisibility {unknown}
 x - a potion of agility {unknown}
 z - a potion of curing {unknown}
 A - a potion of poison {unknown}
Books
 c - a book of Minor Magic

   Spells                             Type                      Level
   a - Magic Dart                     Conjuration                  1
   b - Blink                          Translocation                2
   c - Call Imp                       Summoning                    2
   d - Repel Missiles                 Charms/Air                   2
   e - Slow                           Hexes                        2
   f - Conjure Flame                  Conjuration/Fire             3
   g - Mephitic Cloud                 Conjuration/Poison/Air       3
Comestibles
 D - a royal jelly
 E - a bread ration
 G - a meat ration


   Skills:
 + Level 3.1 Short Blades
 - Level 2.1 Dodging
 + Level 3.0 Stealth
 + Level 6.6 Spellcasting
 + Level 8.4 Conjurations
 + Level 0.4 Charms
   Level 1.2 Summonings
 + Level 1.3 Translocations
 + Level 0.9 Fire Magic
 * Level 1.8 Air Magic
 + Level 0.6 Poison Magic


You had 9 spell levels left.
You knew the following spells:

 Your Spells              Type           Power        Failure   Level  Hunger
a - Magic Dart            Conj           ####         1%          1    None
b - Blink                 Tloc           N/A          10%         2    None
d - Conjure Flame         Conj/Fire      ####....     6%          3    #......
e - Mephitic Cloud        Conj/Pois/Air  ###.....     10%         3    #......
k - Repel Missiles        Chrm/Air       ##....       12%         2    None


Dungeon Overview and Level Annotations

Branches:
Dungeon (5/15)
 Temple: D:4-7

Altars:
Cheibriados
Elyvilon
Gozag
Kikubaaqudgha
Nemelex Xobeh
Okawaru
Sif Muna
Vehumet
The Shining One

Shops:
D:5 !


Innate Abilities, Weirdness & Mutations

You have a beak for a mouth.
You have claws for feet.
You can fly.


Message History

The black bear is almost dead.
The black bear bites you!
* * * LOW HITPOINT WARNING * * *
The black bear barely misses you. x2
Drink which item? (? for menu, Esc to quit)
Okay, then.
Casting: Magic Dart
Confirm with . or Enter, or press ? or * to list all spells.
You don't have enough magic to cast that spell.
Evoke which item? (* to show all) (? for menu, Esc to quit)
Okay, then.
Drink which item? (? for menu, Esc to quit)
It was a potion of flight.
You feel very buoyant.
You swoop lightly up into the air.
The black bear bites you.
* * * LOW HITPOINT WARNING * * *
The black bear completely misses you. The black bear claws you.
* * * LOW HITPOINT WARNING * * *
The black bear barely misses you. The black bear claws you.
You die...

##..##...# #### ##....##..#
####.... ##......#..###....#
######.......h.........#
†.................)....#
######......∩..#..#....# ...#
##.......##.....##### ##.#
##....#.##h###.....# ##.#
##..##.##@###.....## ##.#
##.........####..)## ##.##
###..#......###...# #### ....#
##..####>##.# ##..# #...
.##.######..## #.##.## #..###...
.##.##.....######.....####.#.....
.##....##......####..............
###.####......†.####....##...#...
###.# ##.##....##...............


You could see a black bear (berserk).

Vanquished Creatures
  Grinder (D:5)
  Duvessa (D:5)
  An ice beast (D:5)
  2 phantoms
  An ogre (D:5)
  A giant frog (D:4)
  Dowan (D:5)
  A scorpion (D:5)
  A jelly (D:5)
  3 orc wizards
  Crazy Yiuf (D:5)
  Ijyb (D:3)
  Jessica (D:2)
  2 hounds
  4 worker ants
  8 adders
  2 gnolls (D:3)
  3 worms (D:2)
  19 orcs
  A ball python (D:5)
  8 giant cockroaches
  8 goblins
  7 hobgoblins
  3 quokkas
  6 bats
  4 giant newts
  7 kobolds
  A quokka skeleton (D:5)
  11 rats
110 creatures vanquished.

Vanquished Creatures (others)
  An adder (D:3)
1 creature vanquished.

Grand Total: 111 creatures vanquished

Notes
Turn   | Place    | Note
--------------------------------------------------------------
     0 | D:1      | Blowhard the Tengu Wizard began the quest for the Orb.
     0 | D:1      | Reached XP level 1. HP: 10/10 MP: 5/5
   418 | D:1      | Found a sparkling altar of Nemelex Xobeh.
   533 | D:1      | Reached XP level 2. HP: 10/15 MP: 2/7
  1101 | D:2      | Noticed Jessica
  1108 | D:2      | Killed Jessica
  1108 | D:2      | Reached XP level 3. HP: 1/19 MP: 0/9
  1317 | D:2      | Found a deep blue altar of Sif Muna.
  1365 | D:2      | Found a glowing golden altar of the Shining One.
  1393 | D:2      | Found an ancient bone altar of Kikubaaqudgha.
  1757 | D:2      | Reached XP level 4. HP: 13/24 MP: 4/10
  2213 | D:2      | Learned a level 2 spell: Repel Missiles
  2220 | D:2      | Learned a level 3 spell: Mephitic Cloud
  2224 | D:2      | Learned a level 3 spell: Conjure Flame
  2372 | D:3      | Reached skill level 4 in Spellcasting
  2447 | D:3      | Learned a level 2 spell: Blink
  2478 | D:3      | Noticed Ijyb
  2527 | D:3      | Killed Ijyb
  2527 | D:3      | Gained mutation: You can fly. [Tengu growth]
  2527 | D:3      | Reached XP level 5. HP: 28/28 MP: 2/12
  2889 | D:3      | Found a snail-covered altar of Cheibriados.
  3147 | D:3      | Found a radiant altar of Vehumet.
  3456 | D:3      | Found an iron altar of Okawaru.
  3524 | D:4      | Reached skill level 5 in Conjurations
  3938 | D:4      | Reached skill level 5 in Spellcasting
  3938 | D:4      | Reached XP level 6. HP: 32/32 MP: 1/14
  4279 | D:4      | Reached skill level 6 in Conjurations
  4389 | D:4      | Reached XP level 7. HP: 36/36 MP: 4/16
  4971 | D:5      | Entered Level 5 of the Dungeon
  5019 | D:5      | Found a sparkling altar of Nemelex Xobeh.
  5190 | D:5      | Noticed Grinder
  5204 | D:5      | Paralysed by Grinder for 3 turns
  5220 | D:5      | Reached skill level 7 in Conjurations
  5252 | D:5      | Killed Grinder
  5252 | D:5      | Reached skill level 8 in Conjurations
  5252 | D:5      | Reached XP level 8. HP: 38/41 MP: 13/18
  5292 | D:5      | Found Vesaozunt's Distillery.
  5312 | D:5      | Noticed Dowan
  5328 | D:5      | Noticed Duvessa
  5343 | D:5      | Found a white marble altar of Elyvilon.
  5363 | D:5      | Killed Dowan
  5363 | D:5      | Reached skill level 1 in Short Blades
  5388 | D:5      | Killed Duvessa
  5429 | D:5      | Noticed Crazy Yiuf
  5435 | D:5      | Killed Crazy Yiuf
  5585 | D:5      | Reached skill level 1 in Translocations
  5585 | D:5      | Reached skill level 1 in Air Magic
  5770 | D:5      | Found an opulent altar of Gozag.
  5939 | D:5      | HP: 1/41 [black bear (4)]
  5939 | D:5      | Slain by a black bear

Action                   |  1- 3 |  4- 6 |  7- 9 || total
-------------------------+-------+-------+-------++-------
Melee: Unarmed           |     7 |       |    34 ||    41
       Spear             |    47 |    16 |    11 ||    74
       Dagger            |       |       |    72 ||    72
 Cast: Magic Dart        |    73 |   136 |    91 ||   300
       Mephitic Cloud    |       |     4 |    10 ||    14
       Repel Missiles    |       |     3 |       ||     3
       Conjure Flame     |       |       |     5 ||     5
       Blink             |       |       |     2 ||     2
 Abil: Fly               |       |     1 |       ||     1
  Use: Scroll            |       |     3 |     1 ||     4
       Potion            |       |       |     3 ||     3
 Stab: Confused          |       |     3 |     8 ||    11
       Sleeping          |       |       |     1 ||     1
  Eat: Bread ration      |     1 |       |     2 ||     3
       Chunk             |       |     6 |     5 ||    11
       Fruit             |       |     1 |       ||     1
